 Dungeon Crawl Stone Soup version 0.19.1 (console) character file.

821 Kloppie the Cudgeler (level 7, 0/57 HPs)
             Began as a Demonspawn Berserker on Nov 23, 2016.
             Was a Believer of Trog.
             Slain by Prince Ribbit (2 damage)
             ... on level 5 of the Dungeon.
             The game lasted 00:04:44 (4003 turns).

Kloppie the Cudgeler (Demonspawn Berserker)         Turns: 4003, Time: 00:04:45

Health: 0/57       AC:  8    Str: 17    XL:     7   Next: 63%
Magic:  7/7        EV: 10    Int:  9    God:    Trog [**....]
Gold:   194        SH:  0    Dex: 14    Spells: 0 memorised, 6 levels left

rFire  . . .     SeeInvis .     a - +0 mace
rCold  . . .     Gourm    .     n - +0 scale mail
rNeg   . . .     Faith    .     (no shield)
rPois  .         Spirit   .     (no helmet)
rElec  .         Reflect  .     (no cloak)
rCorr  .         Harm     .     (no gloves)
MR     .....                    (no boots)
Stlth  +.........               (no amulet)
                                (no ring)
                                (no ring)

@: exhausted, slowed, very slow
A: yellow scales 1, nightstalker 1
a: Berserk, Trog's Hand, Burn Spellbooks, Renounce Religion


You were on level 5 of the Dungeon.
You worshipped Trog.
Trog was pleased with you.
You were very hungry.

You visited 1 branch of the dungeon, and saw 5 of its levels.

You collected 194 gold pieces.

Inventory:

Hand Weapons
 a - a +0 mace (weapon)
 l - a +0 flail
 x - a +0 morningstar
Armour
 n - a +0 scale mail (worn)
Wands
 b - a wand of slowing (35/48)
 v - a wand of iceblast (12/15)
 A - a wand of slowing (18/48)
 C - a wand of flame (5/48)
Scrolls
 f - a scroll of recharging {unknown}
 i - 2 scrolls of noise {unknown}
 o - a scroll of fog {unknown}
 p - 3 scrolls of enchant weapon {unknown}
 q - 2 scrolls of identify {unknown}
 s - a scroll of random uselessness {unknown}
 t - a scroll of magic mapping {unknown}
 w - 3 scrolls of enchant armour {unknown}
Potions
 d - a potion of curing {unknown}
 e - 2 potions of mutation {unknown}
 g - a potion of ambrosia {unknown}
 h - a potion of heal wounds
 k - a potion of lignification {unknown}
 m - a potion of magic {unknown}
 u - a potion of degeneration {unknown}
 z - a potion of brilliance {unknown}
 E - a potion of flight {unknown}
Books
 y - a book of Changes

   Spells                             Type                      Level
   a - Beastly Appendage              Transmutation                1
   b - Sticks to Snakes               Transmutation                2
   c - Spider Form                    Transmutation/Poison         3
   d - Ice Form                       Ice/Transmutation            4
   e - Blade Hands                    Transmutation                5
   Trog disapproves of the use of such an item.
Comestibles
 c - 6 bread rations
 j - 2 meat rations
 r - 3 beef jerkies
 B - a chunk of flesh


   Skills:
 + Level 5.8 Fighting
 * Level 7.0 Maces & Flails
 - Level 1.7 Armour
 - Level 1.7 Dodging


You had 6 spell levels left.
You didn't know any spells.

Dungeon Overview and Level Annotations

Branches:
Dungeon (5/15)
 Temple: D:4-7

Altars:
Cheibriados
Elyvilon
Gozag
Okawaru
Trog
Zin

Annotations:
D:5 Prince Ribbit


Innate Abilities, Weirdness & Mutations

You are partially covered in yellow scales. (AC +2)
You are slightly more attuned to the shadows.


Message History

* * * LOW HITPOINT WARNING * * *
Prince Ribbit hits you.
* * * LOW HITPOINT WARNING * * *
You hit Prince Ribbit.
Prince Ribbit is moderately wounded.
Prince Ribbit lets out a mournful croak.
Prince Ribbit hits you but does no damage. x2
Prince Ribbit hits you.
* * * LOW HITPOINT WARNING * * *
You closely miss Prince Ribbit.
Prince Ribbit is moderately wounded.
Your skin stops crawling.
You feel less resistant to hostile enchantments.
Prince Ribbit barely misses you. Prince Ribbit closely misses you.
You hit Prince Ribbit but do no damage.
Prince Ribbit is moderately wounded.
Prince Ribbit hits you!
* * * LOW HITPOINT WARNING * * *
Prince Ribbit hits you.
You die...

####### #.....# .#
#####..#..##########....
......#_#.......@F...).#
#####..#...#######...#.#
..........[# ...#
...........# .....
...........# ...###
...........# ####
.............
..........##.
..........#


You could see Prince Ribbit.

Vanquished Creatures
  Grinder (D:4)
  Menkaure (D:4)
  2 scorpions
  3 orc priests
  Natasha (thrice) (D:4)
  3 orc wizards
  5 adders
  A gnoll (D:4)
  An ooze (D:2)
  7 worms
  A dart slug (D:1)
  4 leopard geckos
  16 orcs
  6 bats
  3 giant cockroaches
  7 hobgoblins
  A quokka (D:4)
  A ball python (D:1)
  4 frilled lizards
  9 goblins
  3 kobolds
  4 rats
86 creatures vanquished.

Notes
Turn   | Place    | Note
-------+----------+-------------------------------------------
     0 | D:1      | Kloppie the Demonspawn Berserker began the quest for the Orb.
     0 | D:1      | Reached XP level 1. HP: 18/18 MP: 1/1
   664 | D:1      | Reached skill level 3 in Maces & Flails
   675 | D:1      | Gained mutation: You are partially covered in yellow scales. (AC +2) [demonic ancestry]
   675 | D:1      | Reached XP level 2. HP: 20/24 MP: 2/2
  1830 | D:2      | Reached XP level 3. HP: 22/29 MP: 3/3
  2316 | D:3      | Found a bloodstained altar of Trog.
  2384 | D:3      | Reached skill level 4 in Maces & Flails
  2400 | D:3      | Reached ** piety under Trog
  2418 | D:3      | Reached XP level 4. HP: 36/36 MP: 4/4
  2765 | D:4      | Noticed Menkaure
  2775 | D:4      | Killed Menkaure
  2775 | D:4      | Reached skill level 5 in Maces & Flails
  2775 | D:4      | Reached XP level 5. HP: 13/42 MP: 5/5
  2855 | D:4      | Found a white marble altar of Elyvilon.
  3125 | D:4      | Found an opulent altar of Gozag.
  3182 | D:4      | Gained mutation: You are slightly more attuned to the shadows. [demonic ancestry]
  3182 | D:4      | Reached XP level 6. HP: 49/49 MP: 6/6
  3259 | D:4      | Found a glowing silver altar of Zin.
  3333 | D:4      | Noticed Grinder
  3334 | D:4      | Paralysed by Grinder for 3 turns
  3361 | D:4      | Paralysed by Grinder for 3 turns
  3387 | D:4      | Killed Grinder
  3387 | D:4      | Reached skill level 5 in Fighting
  3387 | D:4      | Reached skill level 6 in Maces & Flails
  3387 | D:4      | Reached XP level 7. HP: 41/56 MP: 7/7
  3489 | D:4      | Found a snail-covered altar of Cheibriados.
  3490 | D:4      | Noticed Natasha
  3495 | D:4      | Killed Natasha
  3590 | D:4      | Noticed Natasha
  3601 | D:4      | Killed Natasha
  3626 | D:4      | Noticed Natasha
  3637 | D:4      | Killed Natasha
  3875 | D:5      | Entered Level 5 of the Dungeon
  3953 | D:5      | Found an iron altar of Okawaru.
  3972 | D:5      | Noticed Prince Ribbit
  3980 | D:5      | Reached skill level 7 in Maces & Flails
  4003 | D:5      | HP: 2/57 [Prince Ribbit (15)]
  4003 | D:5      | Slain by Prince Ribbit

Skill      XL: |  1  2  3  4  5  6  7 |
---------------+----------------------+-----
Maces & Flails | 3 4 5 6 7 |  7.0
Fighting       | 4 5 |  5.8
Armour         | |  1.7
Dodging        | |  1.7

Action                   |  1- 3 |  4- 6 |  7- 9 || total
-------------------------+-------+-------+-------++-------
Melee: Mace              |   134 |   108 |    83 ||   325
Invok: Berserk           |     5 |     5 |     3 ||    13
       Trog's Hand       |       |     2 |     2 ||     4
  Use: Potion            |       |     3 |       ||     3
  Eat: Chunk             |     9 |     8 |     6 ||    23
Armor: Animal skin       |    11 |       |       ||    11
       Scale mail        |    38 |    49 |    37 ||   124
Dodge: Dodged            |    79 |    43 |    44 ||   166
